 Dungeon Crawl Stone Soup version 0.28.0 (webtiles) character file.

Game seed: 4010275648467572931

835 crazypyro the Digger (level 7, 0/36 HPs)
             Began as a Gargoyle Earth Elementalist on Feb 7, 2022.
             Slain by a phantom (2 damage)
             ... on level 7 of the Dungeon.
             The game lasted 00:09:11 (5343 turns).

crazypyro the Digger (Gargoyle Earth Elementalist)  Turns: 5343, Time: 00:09:12

Health: 0/36       AC:  8    Str: 12      XL:     7   Next: 99%
Magic:  2/12       EV: 12    Int: 13 (17) God:
Gold:   246        SH:  0    Dex: 10      Spells: 9/13 levels left

rFire   + . .      SeeInvis .   s - +4 flail
rCold   + . .      Faith    .   (no shield)
rNeg    + . .      Spirit   .   b - +0 robe
rPois   ∞          Reflect  .   (no helmet)
rElec   +          Harm     .   i - scarf {rC+ rF+}
rCorr   .          Rampage  .   d - +0 pair of gloves
Will    .....                   m - +0 pair of boots
Stlth   ++........              (no amulet)
HPRegen 0.12/turn               k - ring of wizardry
MPRegen 0.13/turn               (no ring)

@: attractive
A: sickness immunity, AC +4, negative energy resistance 1, electricity
resistance, torment resistance 1, petrification resistance
a: no special abilities


You were on level 7 of the Dungeon.
You visited 1 branch of the dungeon, and saw 7 of its levels.

You collected 246 gold pieces.

Inventory:

Hand Weapons
 j - a +1 whip of pain
 s - a +4 flail (weapon)
Missiles
 c - 260 stones
Armour
 b - a +0 robe (worn)
 d - a +0 pair of gloves (worn)
 h - an orb of energy
 i - a scarf of resistance (worn)
 m - a +0 pair of boots (worn)
Magical Staves
 e - a staff of death
Jewellery
 k - a ring of wizardry (left hand)
Scrolls
 l - 4 scrolls of identify {unknown}
 n - a scroll of vulnerability {unknown}
 o - a scroll of fear {unknown}
 q - a scroll of teleportation {unknown}
 r - a scroll of immolation {unknown}
Potions
 a - 2 potions of brilliance {unknown}
 f - a potion of degeneration {unknown}
 g - a potion of attraction
 p - a potion of haste {unknown}
 t - 2 potions of mutation {unknown}


   Skills:
 - Level 2.4(2.5) Maces & Flails
 - Level 0.6(1.6) Staves
 - Level 1.8 Dodging
 - Level 2.5 Stealth
 + Level 3.9 Spellcasting
 * Level 4.0 Conjurations
 - Level 1.1 Transmutations
 + Level 5.8 Earth Magic
 + Level 3.5 Evocations


You had 9 spell levels left.
You knew the following spells:

 Your Spells              Type           Power      Damage    Failure   Level
a - Sandblast             Erth           34%        2d9       1%          1
b - Stone Arrow           Conj/Erth      30%        3d8       3%          3

Your spell library contained the following spells:

 Spells                   Type           Power      Damage    Failure   Level
 Magic Dart               Conj           48%        1d5       1%          1
 Passwall                 Tmut/Erth      9%         N/A       3%          2
 Animate Skeleton         Necr           4%         N/A       9%          1
 Apportation              Tloc           4%         N/A       9%          1
 Slow                     Hex            8%         N/A       9%          1
 Summon Small Mammal      Summ           8%         N/A       9%          1
 Call Imp                 Summ           2%         N/A       13%         2
 Mephitic Cloud           Conj/Pois/Air  6%         N/A       16%         3
 Petrify                  Tmut/Erth      11%        N/A       19%         4
 Confusing Touch          Hex            2%         N/A       26%         3
 Ozocubu's Armour         Ice            2%         N/A       26%         3
 Vampiric Draining        Necr           2%         2d6       26%         3
 Metabolic Englaciation   Hex/Ice        1%         N/A       90%         5
 Simulacrum               Ice/Necr       1%         N/A       100%        6


Dungeon Overview and Level Annotations

Branches:
Dungeon (7/15)             Temple (0/1) D:7

Altars:
Ru

Shops:
D:1 *   D:3 !


Innate Abilities, Weirdness & Mutations

You are immune to sickness and miasma.
Your stone body is resilient. (AC +4)
You are immune to poison.
You resist negative energy. (rN+)
You are resistant to electric shocks. (rElec)
You are resistant to unholy torment.
You are immune to petrification.


Message History

* * * LOW HITPOINT WARNING * * *
The phantom blinks!
You blink.
You closely miss the phantom.
The phantom is almost destroyed.
The phantom completely misses you.
You completely miss the phantom.
The phantom is almost destroyed.
The phantom hits you.
* * * LOW HITPOINT WARNING * * *
The phantom blinks!
You blink.
An adder comes into view.
The phantom misses you.
The howler monkey hoots and howls with incredible vigour!
You hear a bark!
You hear a shout!
Found a stone staircase leading up.
A centaur comes into view.
The centaur shouts!
The centaur wields a +0 shortbow.
The centaur shoots an arrow.
The arrow hits you.
* * * LOW HITPOINT WARNING * * *
The phantom hits you but does no damage.
The howler monkey hoots and howls with incredible vigour!
You hear an angry hiss.
You hear an angry growl.
Found a scroll labelled YGHIGG OCWENO and a crystal plate armour.
There is a stone staircase leading down here.
The phantom hits you but does no damage.
You climb downwards.
You hear the roar of battle.
There is an entrance to a bailey on this level.
Hurry and find it before the portal closes forever!
You hear the faint creaking of a very distant portcullis.
The water moccasin hisses angrily.
The water moccasin barely misses you.
The water moccasin bites you but does no damage.
Found 12 stones and 15 gold pieces.
There is a stone staircase leading up here.
Okay, then.
It was a potion of attraction.
You feel attractive to monsters. The phantom hits you.
You die...

... ...$.#
... .....#
..####.....#
.(..#......
..........
......#
#S..# . ..
#@.# ....#
#.W.....#
..#.#
###..#.##
...# ###
####..# .
##.#...##
..#.<.....#
........###
#.##....##


You could see a phantom and a water moccasin.

Vanquished Creatures
  A sky beast (D:6)
  2 black bears
  A kobold brigand (D:3)
  A scorpion (D:4)
  A howler monkey (D:5)
  2 hounds
  A bullfrog skeleton (D:5)
  A hound skeleton (D:4)
  A howler monkey zombie (D:6)
  9 gnolls (D:3)
  6 adders
  An ufetubus (D:2)
  A worm (D:3)
  2 dart slugs
  4 orcs
  5 ball pythons
  4 bats
  13 endoplasms
  3 giant cockroaches
  5 goblins
  7 hobgoblins
  2 jackals (D:3)
  A quokka (D:1)
  4 frilled lizards
  51 kobolds
  10 rats
139 creatures vanquished.

Notes
Turn   | Place    | Note
-------+----------+-------------------------------------------
     0 | D:1      | crazypyro the Gargoyle Earth Elementalist began the quest
                  | for the Orb.
     0 | D:1      | Reached XP level 1. HP: 10/10 MP: 3/3
    72 | D:1      | Found Jinwev's Assorted Antiques.
   153 | D:1      | Reached skill level 1 in Transmutations
   153 | D:1      | Reached XP level 2. HP: 15/15 MP: 3/5
   259 | D:1      | Found a faded altar of an unknown god.
   882 | D:2      | Reached skill level 4 in Earth Magic
   882 | D:2      | Reached XP level 3. HP: 19/19 MP: 3/6
  1218 | D:2      | Found a sacrificial altar of Ru.
  1284 | D:2      | Reached skill level 1 in Evocations
  1308 | D:2      | Reached XP level 4. HP: 24/24 MP: 5/7
  1694 | D:3      | Learned a level 3 spell: Stone Arrow
  1772 | D:3      | Found Eleducil's Distillery.
  1919 | D:3      | Reached skill level 1 in Maces & Flails
  2157 | D:3      | Noticed a black bear
  2160 | D:3      | Killed a black bear
  2161 | D:3      | Reached XP level 5. HP: 28/28 MP: 2/9
  2577 | D:3      | Reached XP level 6. HP: 32/32 MP: 6/10
  3228 | D:3      | Reached skill level 1 in Conjurations
  3228 | D:3      | Reached skill level 5 in Earth Magic
  4034 | D:4      | Reached XP level 7. HP: 36/36 MP: 9/12
  4963 | D:5      | Entered Level 5 of the Dungeon
  5283 | D:5      | You fall into a shaft and drop 2 floors!
  5285 | D:7      | Found a staircase to the Ecumenical Temple.
  5336 | D:6      | HP: 1/36 [centaur/arrow (5)]
  5343 | D:7      | Slain by a phantom

Illustrated notes

Levels and vault maps discovered:
D:1:      dpeg_arrival_orchard, layout_basic, serial_shops, shop,
          ebering_ecumenical_altar_abandoned, st_stairs_4
D:2:      layout_basic, basic_altar, hangedman_decor_clover_reticule,
          minmay_door_square, hangedman_feature_mirror,
          kennysheep_generic_room_5
D:3:      minmay_goblin_kobold_castle, layout_rooms, serial_shops,
          nicolae_shop_crystal
D:4:      layout_basic
D:5:      layout_gridville, serial_shops, nicolae_shop_bloodbath_and_beyond,
          grunt_ministairs_6, serial_park_tiny_pond, uniq_ijyb
D:6:      layout_loops_cross, ebering_ghost_sewer_d
D:7:      layout_cave_pools, lemuel_crystal_altar, minmay_temple_entry_statues,
          enter_bailey_4, uniq_pikel

Skill      XL: |  1  2  3  4  5  6  7 |
---------------+----------------------+-----
Transmutations | 1 |  1.1
Earth Magic    | 4 5 |  5.8
Evocations     | 1 2 3 |  3.5
Maces & Flails | 1 2 |  2.4
Spellcasting   | 3 |  3.9
Conjurations   | 2 4 |  4.0
Staves         | |  0.6
Dodging        | |  1.8
Stealth        | |  2.5

Action                   |  1- 3 |  4- 6 |  7- 9 || total
-------------------------+-------+-------+-------++-------
Melee: Staff             |    12 |       |       ||    12
       Whip              |    11 |   116 |    11 ||   138
       Flail             |       |       |    33 ||    33
       Punch             |       |       |     1 ||     1
 Cast: Sandblast         |    34 |   101 |    42 ||   177
       Stone Arrow       |       |     3 |     3 ||     6
  Use: Potion            |       |       |     1 ||     1
 Stab: Sleeping          |     1 |     1 |     1 ||     3
Armor: Robe              |    12 |    67 |    46 ||   125
Dodge: Dodged            |    21 |   133 |    42 ||   196
